 Dungeon Crawl Stone Soup version 0.29-a0-542-g075992c915 (webtiles) character file.

Game seed: 6627109998024725706

21 Zonian the Sneak (level 2, -1/13 HPs)
             Began as a Spriggan Conjurer on June 4, 2022.
             Was a Follower of Fedhas.
             Succumbed to an adder's poison
             ... while paralysed
             ... on level 2 of the Dungeon.
             The game lasted 00:02:21 (2175 turns).

Zonian the Sneak (Spriggan Conjurer)                Turns: 2175, Time: 00:02:22

Health: -1/13      AC:  2    Str:  0 (3)  XL:     2   Next: 65%
Magic:  6/7        EV:  4    Int: 16 (19) God:    Fedhas [*.....]
Gold:   73         SH:  0    Dex: 12 (13) Spells: 6/7 levels left

rFire   . . .      SeeInvis +   c - +0 hunting sling
rCold   . . .      Faith    .   (no shield)
rNeg    . . .      Spirit   .   a - +0 robe
rPois   .          Reflect  .   (helmet restricted)
rElec   .          Harm     .   (no cloak)
rCorr   .          Rampage  .   (gloves unavailable)
Will    .....                   (boots unavailable)
Stlth   ++........              (no amulet)
HPRegen 0.00/turn               (no ring)
MPRegen 0.10/turn               (no ring)

@: paralysed, lethally poisoned (-1 -> -9), very slightly contaminated,
inhibited regen, slowed, lost strength, very quick
A: very small, no large weapons, unfitting armour, see invisible, speed 3
a: Renounce Religion


You were on level 2 of the Dungeon.
You worshipped Fedhas.
Fedhas was aware of your devotion.
You visited 1 branch of the dungeon, and saw 2 of its levels.

You collected 73 gold pieces.

Inventory:

Hand Weapons
 c - a +0 hunting sling (weapon)
 j - a +0 dagger
 m - a +0 spear
Armour
 a - a +0 robe (worn)
Scrolls
 d - a scroll of torment {unknown}
 e - a scroll of fear {unknown}
 i - a scroll of immolation {unknown}
 k - a scroll of silence {unknown}
 n - a scroll of blinking {unknown}
 o - a scroll of fog {unknown}
 q - a scroll of magic mapping {unknown}
Potions
 b - a potion of magic
 f - a potion of flight {unknown}
 g - 2 potions of degeneration
 h - 3 potions of brilliance {unknown}
 l - a potion of heal wounds {unknown}
 p - a potion of cancellation {unknown}


   Skills:
 + Level 0.1 Slings
 + Level 3.2 Dodging
 + Level 3.5 Stealth
 + Level 3.1 Spellcasting
 + Level 3.1 Conjurations
 + Level 0.1 Invocations


You had 6 spell levels left.
You knew the following spells:

 Your Spells              Type           Power      Damage    Failure   Level
a - Magic Dart            Conj           48%        1d5       5%          1

Your spell library contained the following spells:

 Spells                   Type           Power      Damage    Failure   Level
 Searing Ray              Conj           24%        2d5       8%          2
 Dazzling Flash           Conj/Hex       14%        N/A       28%         3
 Fulminant Prism          Conj/Hex       3%         3d6       67%         4
 Iskenderun's Mystic Bla  Conj/Tloc      7%         2d4       67%         4


Dungeon Overview and Level Annotations

Branches:
Dungeon (2/15)

Altars:
Fedhas
Trog


Innate Abilities, Weirdness & Mutations

You are very small and have problems with some larger weapons.
You are too small for most types of armour.
You have supernaturally acute eyesight. (SInv)
You cover ground extremely quickly. (Speed+++)


Message History

You shoot a sling bullet.
The sling bullet completely misses the adder.
You shoot a sling bullet. The sling bullet hits the adder.
The adder hisses angrily.
The adder is heavily wounded.
You shoot a sling bullet.
The sling bullet barely misses the adder.
You shoot a sling bullet. The sling bullet misses the adder.
You shoot a sling bullet. The sling bullet misses the adder.
The adder bites you. The adder misses you.
You shoot a sling bullet.
The sling bullet closely misses the adder.
The adder barely misses you. The adder bites you but does no damage.
You shoot a sling bullet. The sling bullet hits the adder.
The adder is almost dead.
The adder bites you.
You are poisoned.
The adder poisons you! The adder misses you.
You shoot a sling bullet.
The sling bullet barely misses the adder.
You feel sick. The adder misses you. The adder closely misses you.
You are too injured to fight recklessly!
Unknown command.
Casting: Magic Dart (safe; 4% risk of failure)
Confirm with . or Enter, or press ? or * to list all spells.
Aiming: Magic Dart (safe; 4% risk of failure)
Press: ? - help, Shift-Dir - straight line, f/p - adder
Aim: an adder (almost dead, 100% to hit)
You miscast Magic Dart.
You are very lightly contaminated with residual magic.
Nothing appears to happen.
You feel sick. The adder bites you.
* * * LOW HITPOINT WARNING * * *
You are more poisoned.
The adder poisons you!
It was a potion of degeneration.
There was something very wrong with that liquid.
You feel weakened.
You have lost your strength.
You feel dopey.
You feel clumsy.
You die...
Fedhas appreciates your contribution to the ecosystem.

#. #♣ .# ..
....♣ #...#
# ####.#.#
#.###......#
.......S.#
#..._.@#
#......#
#....).#
#.##.#.#
####.##...#
#....####.#
.# #.####
#..# .# #.#
#.#♣ ##.#
#.# #.#


You could see an adder.

Vanquished Creatures
  A dart slug (D:1)
  2 ball pythons (D:1)
  2 endoplasms (D:1)
  2 giant cockroaches (D:1)
  A goblin (D:2)
  2 hobgoblins
  2 quokkas (D:1)
  A frilled lizard (D:2)
  A kobold (D:1)
  4 rats (D:1)
18 creatures vanquished.

Notes
Turn   | Place    | Note
-------+----------+-------------------------------------------
     0 | D:1      | Zonian the Spriggan Conjurer began the quest for the Orb.
     0 | D:1      | Reached XP level 1. HP: 9/9 MP: 5/5
   668 | D:1      | Reached XP level 2. HP: 13/13 MP: 6/6
   684 | D:1      | Found a faded altar of an unknown god.
  1373 | D:1      | Prayed at the altar of an unknown god.
  1373 | D:1      | Became a worshipper of Fedhas Madash
  1373 | D:1      | Reached * piety under Fedhas
  1971 | D:2      | Found a bloodstained altar of Trog.
  2175 | D:2      | Lost strength.
  2175 | D:2      | Succumbed to an adder's poison

Illustrated notes

Levels and vault maps discovered:
D:1:      roderic_octagonal_star, layout_basic,
          nicolae_ecumenical_snake_handling
D:2:      layout_loops_ring, basic_altar, serial_forest,
          infiniplex_forest_straight_4, infiniplex_forest_end_3,
          infiniplex_forest_end_1, infiniplex_forest_lined_2,
          infiniplex_forest_lined_3, infiniplex_forest_corner_1,
          infiniplex_forest_lined_room_2, infiniplex_forest_clump_medium,
          chequers_serial_rivers_room_a, uniq_natasha

Skill      XL: |  1  2 |
---------------+-------+-----
Conjurations   | 3 |  3.1
Dodging        | 3 |  3.2
Spellcasting   | 3 |  3.1
Slings         | |  0.1
Stealth        | |  3.5
Invocations    | |  0.1

Action                   || total
-------------------------++-------
 Fire: Hunting sling     ||    74
 Cast: Magic Dart        ||     5
  Use: Potion            ||     1
Armor: Robe              ||     7
Dodge: Dodged            ||    42

Table legend: (Time is in decaauts)
 A = Elapsed time spent in this place.
 B = Non-inter-level travel time spent in this place.
 C = Inter-level travel time spent in this place.
 D = Time resting spent in this place.
 E = Time spent auto-exploring this place.
 F = Levels seen in this place.
 G = Mean time per level.
                   A        B        C        D        E       F      G
               +--------+--------+--------+--------+--------+-----+--------+
         Total |   1900 |   1874 |     26 |   1277 |    418 |   2 |  950.0 |
       Dungeon |   1900 |   1874 |     26 |   1277 |    418 |   2 |  950.0 |
               +--------+--------+--------+--------+--------+-----+--------+

Top non-repeatable levels by time:
     D:1: 1632 daAuts
     D:2: 267 daAuts
